 Dungeon Crawl Stone Soup version 0.21.1-1-g345015fe64 (webtiles) character file.

146 Ivernyr the Slasher (level 5, -1/28 HPs)
             Began as a Vine Stalker Monk on June 10, 2018.
             Slain by Grinder (4 damage)
             ... on level 3 of the Dungeon.
             The game lasted 00:06:30 (3974 turns).

Ivernyr the Slasher (Vine Stalker Monk)             Turns: 3974, Time: 00:06:31

Health: -1/28      AC:  2    Str: 13    XL:     5   Next: 28%
Magic:  0/24       EV: 13    Int: 10    God:
Gold:   136        SH:  0    Dex: 18    Spells: 4/4 levels left

rFire    . . .     SeeInvis .   a - +0 falchion
rCold    . . .     Gourm    .   (no shield)
rNeg     . . .     Faith    .   b - +0 robe
rPois    .         Spirit   +   (no helmet)
rElec    .         Reflect  .   (no cloak)
rCorr    .         Harm     .   (no gloves)
MR       .....                  (no boots)
Stlth    ++........             (no amulet)
HPRegen  0.49/turn              i - ring of magical power
MPRegen  0.19/turn              q - ring of magical power

@: no status effects
A: fangs 2, regeneration 1, magic shield, antimagic bite, no potion heal 3, rot
immunity
a: no special abilities


You were on level 3 of the Dungeon.
You were not hungry.

You visited 1 branch of the dungeon, and saw 3 of its levels.

You collected 136 gold pieces.

Inventory:

Hand Weapons
 a - a +0 falchion (weapon)
Missiles
 m - 10 poisoned needles
Armour
 b - a +0 robe (worn)
Jewellery
 i - a ring of magical power (left hand)
 p - an uncursed ring of poison resistance
 q - a ring of magical power (right hand)
Wands
 n - a wand of flame (29)
Scrolls
 d - 5 scrolls of remove curse {unknown}
 e - 2 scrolls of teleportation {unknown}
 h - a scroll of blinking {unknown}
 l - 3 scrolls of identify {unknown}
 o - a scroll of enchant weapon {unknown}
 r - a scroll of amnesia {unknown}
Potions
 f - 2 potions of haste
 g - 4 potions of heal wounds {unknown}
 j - a potion of berserk rage {unknown}
 k - 2 potions of agility {unknown}
 s - 2 potions of mutation {unknown}
Comestibles
 c - 7 rations


   Skills:
 + Level 3.3 Fighting
 + Level 3.3 Long Blades
 * Level 2.5 Throwing
 + Level 1.5 Armour
 - Level 2.4 Dodging
 - Level 2.4 Stealth


You had 4 spell levels left.
You didn't know any spells.

Dungeon Overview and Level Annotations

Branches:
Dungeon (3/15)

Altars:
Ashenzari
Elyvilon
Fedhas
Okawaru

Annotations:
D:3 Grinder


Innate Abilities, Weirdness & Mutations

You have extremely sharp teeth.
Your natural rate of healing is unusually fast.
When hurt, damage is shared between your health and your magic reserves.
Your bite disrupts and absorbs the magic of your enemies.
Potions cannot restore your health.
You are immune to rotting.


Message History

* * * LOW HITPOINT WARNING * * *
You can move again.
You barely miss Grinder. You bite Grinder, but do no damage.
Grinder is almost dead.
Grinder barely misses you.
You hit Grinder.
Grinder is almost dead.
Grinder hits you.
* * * LOW HITPOINT WARNING * * *
You writhe in agony.
* * * LOW HITPOINT WARNING * * *
You closely miss Grinder.
Grinder is almost dead.
Grinder blinks!
Grinder blinks!
There is an open door here.
Grinder hits you.
* * * LOW HITPOINT WARNING * * *
You writhe in agony.
You die...

#...5.....##.# #........
..#######.##.# #........ ......#
#.##.## #..#.#.#. ..###.#
#.#...## ####.###. ..# .#
#......##################
..###.###.#...#............# #.##
..........##.##.######.....# #...
.##.#.######.##.###........# ####
.##.#...........@5..##.....# #
###.########'##.######.....# # #
#.# ##...#.# ##....##### ###5#
##......######.........# ....#
##...............##.###.#
#...####.........####...##.###.##
....(..'.........'...............
#...####.........####......##....
##.## ##.......## #..######..##


You could see Grinder.

Vanquished Creatures
  Natasha (thrice) (D:3 D:2)
  2 adders
  A dart slug (D:2)
  2 leopard geckos (D:1)
  4 orcs (D:3)
  2 giant cockroaches (D:2)
  6 goblins
  8 hobgoblins
  5 kobolds
  A quokka (D:2)
  3 ball pythons
  2 bats (D:1)
  3 frilled lizards
  9 rats
51 creatures vanquished.

Notes
Turn   | Place    | Note
-------+----------+-------------------------------------------
     0 | D:1      | Ivernyr the Vine Stalker Monk began the quest for the Orb.
     0 | D:1      | Reached XP level 1. HP: 11/11 MP: 2/2
   324 | D:1      | Reached XP level 2. HP: 15/16 MP: 3/3
   391 | D:1      | Found a shattered altar of Ashenzari.
   853 | D:1      | Reached skill level 1 in Throwing
  1198 | D:2      | Reached XP level 3. HP: 18/19 MP: 4/4
  1514 | D:2      | Reached skill level 1 in Armour
  1792 | D:2      | Found an iron altar of Okawaru.
  2121 | D:3      | Noticed Grinder
  2639 | D:3      | Gained mutation: Your natural rate of healing is unusually fast. [Vine Stalker growth]
  2639 | D:3      | Reached XP level 4. HP: 24/24 MP: 5/5
  2827 | D:3      | Found a white marble altar of Elyvilon.
  2883 | D:3      | Found a shattered altar of Ashenzari.
  2891 | D:3      | Found a blossoming altar of Fedhas.
  2928 | D:3      | Noticed Natasha
  2939 | D:3      | Killed Natasha
  3030 | D:3      | Noticed Natasha
  3090 | D:2      | Killed Natasha
  3090 | D:2      | Reached XP level 5. HP: 23/28 MP: 6/6
  3701 | D:2      | Noticed Natasha
  3711 | D:2      | Killed Natasha
  3727 | D:2      | Found an iron altar of Okawaru.
  3948 | D:3      | Paralysed by Grinder for 2 turns
  3959 | D:3      | Paralysed by Grinder for 7 turns
  3974 | D:3      | Slain by Grinder

Skill      XL: |  1  2  3  4 |
---------------+-------------+-----
Throwing       | 1 2 |  2.5
Long Blades    | 3 |  3.3
Fighting       | 3 |  3.3
Armour         | 1 |  1.5
Dodging        | |  2.4
Stealth        | |  2.4

Action                   |  1- 3 |  4- 6 || total
-------------------------+-------+-------++-------
Melee: Falchion          |    96 |    45 ||   141
       Bite              |    34 |    18 ||    52
 Stab: Sleeping          |     7 |       ||     7
  Eat: Chunk             |     3 |       ||     3
       Ration            |     1 |     1 ||     2
Armor: Robe              |    17 |     2 ||    19
Dodge: Dodged            |    60 |    21 ||    81
       Rpst.: Falchion   |    21 |     7 ||    28
